 Dungeon Crawl Stone Soup version 0.21-a0-426-g98080a9 (webtiles) character file.

112 Meenos the Conjurer (level 4, -6/24 HPs)
             Began as a Deep Elf Conjurer on Nov 5, 2017.
             Killed from afar by an orc wizard (8 damage)
             ... with a puff of flame
             ... on level 3 of the Dungeon.
             The game lasted 00:26:03 (2775 turns).

Meenos the Conjurer (Deep Elf Conjurer)             Turns: 2775, Time: 00:26:03

Health: -6/24      AC:  3    Str:  5    XL:     4   Next: 64%
Magic:  1/11       EV: 12    Int: 21    God:
Gold:   147        SH:  0    Dex: 15    Spells: 3/10 levels left

rFire    . . .     SeeInvis .   m - +0 dagger (flame)
rCold    . . .     Gourm    .   (no shield)
rNeg     + . .     Faith    .   o - +0 leather armour
rPois    .         Spirit   .   (no helmet)
rElec    .         Reflect  .   (no cloak)
rCorr    .         Harm     .   (no gloves)
MR       .....                  (no boots)
Stlth    ++........             (no amulet)
HPRegen  0.08/turn              l - ring of positive energy
MPRegen  0.12/turn              (no ring)

@: no status effects
A: no striking features
a: no special abilities


You were on level 3 of the Dungeon.
You were not hungry.

You visited 1 branch of the dungeon, and saw 3 of its levels.

You collected 147 gold pieces.

Inventory:

Hand Weapons
 m - a +0 dagger of flaming (weapon)
 u - a +0 blowgun
Missiles
 g - 89 stones
 t - 15 poisoned needles
 w - 2 throwing nets (quivered)
Armour
 a - a +0 robe
 o - a +0 leather armour (worn)
 y - a +0 chain mail of cold resistance
Jewellery
 l - a ring of positive energy (left hand)
Wands
 j - a wand of acid (10/15)
Scrolls
 d - 3 scrolls of identify {unknown}
 h - 2 scrolls of teleportation {unknown}
 v - 2 scrolls of remove curse {unknown}
 x - a scroll of enchant weapon {unknown}
Potions
 c - a potion of resistance {unknown}
 e - a potion of magic {unknown}
 f - 2 potions of heal wounds {unknown}
 i - 2 potions of curing
 k - a potion of brilliance {unknown}
 n - 2 potions of haste {unknown}
 p - a potion of flight {unknown}
 s - a potion of berserk rage {unknown}
 z - 2 potions of ambrosia {unknown}
Books
 b - a book of Conjurations

   Spells                             Type                      Level
   a - Magic Dart                     Conjuration                  1
   b - Searing Ray                    Conjuration                  2
   c - Dazzling Spray                 Conjuration/Hexes            3
   d - Fulminant Prism                Conjuration/Hexes            4
   e - Force Lance                    Conjuration/Translocation    4
   f - Iskenderun's Mystic Blast      Conjuration                  4
Comestibles
 q - a meat ration
 r - a royal jelly


   Skills:
 + Level 0.1 Fighting
 - Level 0.1 Short Blades
 + Level 0.9 Armour
 - Level 2.4 Dodging
 + Level 3.6 Stealth
 + Level 3.8 Spellcasting
 + Level 5.6 Conjurations


You had 3 spell levels left.
You knew the following spells:

 Your Spells              Type           Power        Failure   Level  Hunger
a - Magic Dart            Conj           ####         1%          1    None
b - Searing Ray           Conj           ####..       3%          2    #......
c - Iskenderun's Mystic   Conj           ####....     19%         4    ####...


Dungeon Overview and Level Annotations

Branches:
Dungeon (3/15)

Altars:


Message History

The puff of flame hits you!
Ouch! That really hurt!
The adder bites you. The orc wizard hits you with a dagger.
* * * LOW HITPOINT WARNING * * *
The orc wizard casts a spell.
The orc wizard seems to speed up.
Casting: Iskenderun's Mystic Blast
Confirm with . or Enter, or press ? or * to list all spells.
Aiming: Magic Dart
Press: ? - help, Shift-Dir - straight line, f - orc wizard, p - leopard gecko
Aim: an orc wizard, wielding a dagger and wearing a robe (almost dead, fast)
The magic dart hits the orc wizard.
The orc wizard is almost dead.
The adder bites you but does no damage. The orc wizard hits you with a dagger.
* * * LOW HITPOINT WARNING * * *
The adder bites you.
* * * LOW HITPOINT WARNING * * *
The orc wizard gestures at you while chanting.
The puff of flame hits you!
You die...

.#.##########.########
.#....................
##############.######
......# #..# ......# ####
##.# ....... ..... #.##
.......
.....l#..################
.......
....oo)So................
######.
.....o##@#########.######
..... #..# #.# .... ##.##
###'##### ... #..#
#.......# .. ##.#
#.......# ######### #.#
#.......# ........# #.#
#...†...# ........#
#######'#####.......#
........#
#...........#...†...#


You could see an orc wizard, an adder, 2 orcs and a leopard gecko.

Vanquished Creatures
  An orc priest (D:3)
  2 adders (D:2)
  An ooze (D:2)
  A worm (D:2)
  6 orcs (D:3)
  A ball python (D:3)
  4 bats
  3 giant cockroaches
  5 goblins
  7 hobgoblins
  10 kobolds
  2 frilled lizards
  A jackal skeleton (D:3)
  8 rats
52 creatures vanquished.

Notes
Turn   | Place    | Note
-------+----------+-------------------------------------------
     0 | D:1      | Meenos the Deep Elf Conjurer began the quest for the Orb.
     0 | D:1      | Reached XP level 1. HP: 10/10 MP: 6/6
   256 | D:1      | Reached XP level 2. HP: 10/15 MP: 5/8
   562 | D:1      | Reached skill level 5 in Conjurations
   966 | D:2      | Reached XP level 3. HP: 13/19 MP: 4/9
  2179 | D:3      | Reached XP level 4. HP: 12/24 MP: 4/11
  2477 | D:3      | Learned a level 2 spell: Searing Ray
  2482 | D:3      | Learned a level 4 spell: Iskenderun's Mystic Blast
  2775 | D:3      | Killed from afar by an orc wizard

Vault maps used:
D:1:      dpeg_arrival_solitude, grunt_decor_cap, minmay_fountain_box

Skill      XL: |  1  2  3 |
---------------+----------+-----
Conjurations   | 5 |  5.6
Stealth        | 3 |  3.6
Fighting       | |  0.1
Short Blades   | |  0.1
Armour         | |  0.9
Dodging        | |  2.4
Spellcasting   | |  3.8

Action                   |  1- 3 |  4- 6 || total
-------------------------+-------+-------++-------
Melee: Dagger            |    30 |    13 ||    43
       Unarmed           |     1 |       ||     1
Throw: Stone             |       |     1 ||     1
 Cast: Magic Dart        |    70 |    16 ||    86
       Iskenderun's Myst |       |     4 ||     4
       Searing Ray       |       |     1 ||     1
  Use: Potion            |       |     1 ||     1
 Stab: Sleeping          |     6 |       ||     6
  Eat: Bread ration      |     1 |     1 ||     2
Armor: Leather armour    |     7 |     2 ||     9
Dodge: Dodged            |    31 |     7 ||    38

Table legend:
 A = Spawn XP
 B = Non-spawn XP
 C = Spawn XP percentage of total XP
 D = Spawn monster count
 E = Non-spawn monster count
 F = Spawn count percentage of total count
 G = Total turns spent on level
                    A         B        C        D         E        F      G
               +---------+---------+-------+---------+---------+-------+---------
         Total |       0 |     161 |   0.0 |       0 |      52 |   0.0 |  2775
               +---------+---------+-------+---------+---------+-------+---------
           D:1 |       0 |      30 |   0.0 |       0 |      18 |   0.0 |   657
           D:2 |       0 |      57 |   0.0 |       0 |      18 |   0.0 |  1198
           D:3 |       0 |      74 |   0.0 |       0 |      16 |   0.0 |   920
               +---------+---------+-------+---------+---------+-------+---------
